 Dungeon Crawl Stone Soup version 0.31-a0-175-g9f7f995f2b (webtiles) character file.

Game seed: 2904514655008125599

104 qw the Chopper (level 4, 0/28 HPs)
             Began as a Gargoyle Fighter on June 17, 2023.
             Slain by a ball python (1 damage)
             ... on level 2 of the Dungeon.
             The game lasted 00:00:31 (1052 turns).

qw the Chopper (Gargoyle Fighter)                   Turns: 1052, Time: 00:00:32

Health: 0/28       AC: 10    Str: 22    XL:     4   Next: 80%
Magic:  4/4        EV:  6    Int:  8    God:
Gold:   51         SH:  4    Dex:  9    Spells: 3/3 levels left

rFire   . . .        Y - +0 war axe
rCold   . . .        c - +0 buckler
rNeg    + . .        b - +0 scale mail
rPois   inf          (no helmet)
rElec   +            (no cloak)
rCorr   .            (no gloves)
SInv    .            (no boots)
Will    .....        (no amulet) Stlth
                     (no ring)
HPRegen 0.24/turn    (no ring)
MPRegen 0.09/turn

%: no passive effects
@: constricted
A: sickness immunity, AC +3, negative energy resistance 1, electricity
resistance, torment resistance 1, petrification resistance
a: no special abilities


You were on level 2 of the Dungeon.
You visited 1 branch of the dungeon, and saw 2 of its levels.

You collected 51 gold pieces.


Innate Abilities, Weirdness & Mutations

You are immune to sickness and miasma.
Your stone body is resilient. (AC +3)
You are immune to poison.
You resist negative energy. (rN+)
You are resistant to electric shocks. (rElec)
You are resistant to unholy torment.
You are immune to petrification.


   Skills:
 - Level 3.2 Fighting
 + Level 4.4 Axes
 - Level 3.2 Armour
 - Level 3.2 Shields


You had 3 spell levels left.
You didn't know any spells.
Your spell library was empty.

Inventory:

Hand Weapons
 i - a +0 whip
 Y - a +0 war axe (weapon)
Armour
 b - a +0 scale mail (worn)
 c - a +0 buckler (worn)
Scrolls
 a - a scroll of immolation {unknown}
Potions
 d - a potion of might
 f - a potion of curing {unknown}

Dungeon Overview and Level Annotations

Branches:
Dungeon (2/15)

Altars:


Message History

You block the gnoll's attack. The gnoll closely misses you.
The gnoll hits you with a +0 club.
You slash the gnoll!
You kill the gnoll!
You barely miss the gnoll. The gnoll hits you with a +0 club.
You hit the gnoll.
The gnoll is lightly wounded.
You barely miss the goblin. The gnoll closely misses you.
The goblin hits you but does no damage.
You slash the gnoll!
You kill the gnoll!
You hit the goblin. The goblin closely misses you. The gnoll barely misses you.
The goblin hits you but does no damage. You block the gnoll's attack.
You barely miss the goblin.
The goblin is severely wounded.
You hit the gnoll. You block the gnoll's attack.
The gnoll hits you from afar with a +0 halberd.
The goblin hits you but does no damage.
You hit the goblin.
You kill the goblin!
You closely miss the gnoll. The gnoll barely misses you.
The gnoll hits you but does no damage. You block the ball python's attack.
The ball python grabs you. The ball python constricts you.
You hit the ball python.
The ball python is moderately wounded.
You hit the gnoll but do no damage. The gnoll hits you with a +0 club.
The gnoll hits you from afar with a +0 halberd!
The ball python barely misses you. The ball python constricts you.
The gnoll hits you but does no damage.
The gnoll hits you from afar with a +0 halberd.
You closely miss the ball python.
The ball python is moderately wounded.
You hit the gnoll. The ball python bites you.
You die...

#.# ... ##############.#
...###...........##.#
................%...#
#..........#...........##.####
#............................#
#................########.##.#
#..........gg.##.#### #.##.#
...........S@......# #.##.#
.(.....#####...##$#####.##.#
#.[...............#.....##.#
#.##########.#.#..#........#
#............#.#..####..####
#..#########.#.#......%.# #..#
#...#.######.# #..#
.......#.....# #<.# ##.#.###.#


You could see 2 gnolls and a ball python.

Vanquished Creatures
  Jessica (D:2)
  2 gnolls (D:2)
  2 adders (D:2)
  3 dart slugs (D:1)
  A ball python (D:1)
  2 bats (D:1)
  4 endoplasms
  4 goblins
  3 hobgoblins
  4 jackals (D:1)
  A quokka (D:1)
  3 kobolds (D:1)
  3 rats (D:1)
33 creatures vanquished.

Notes
Turn   | Place    | Note
-------+----------+-------------------------------------------
     0 | D:1      | qw the Gargoyle Fighter began the quest for the Orb.
     0 | D:1      | Reached XP level 1. HP: 14/14 MP: 1/1
     0 | D:1      | 0 ||| qw: Version: 0.3-a-2-g5ab2908
     0 | D:1      | 0 ||| qw: Game counter: 196
     0 | D:1      | 0 ||| qw: Always use a shield: true
     0 | D:1      | 0 ||| qw: God list: Okawaru
     0 | D:1      | 0 ||| qw: Allow faded altars: false
     0 | D:1      | 0 ||| qw: Do Orc after D:15 true
     0 | D:1      | 0 ||| qw: Do second Lair branch before Depths: true
     0 | D:1      | 0 ||| qw: Lair rune preference: random
     0 | D:1      | 0 ||| qw: Plans: Normal, Zot:1-4, Slime:5, God:TSO, Crypt,
                  | Tomb, Abyss, Pan, Hells, Win
     0 | D:1      | 0 ||| PLANNING D:1-11
    18 | D:1      | 18 ||| Stepping ~*~*~tactically~*~*~ (stealth).
    19 | D:1      | 19 ||| Stepping ~*~*~tactically~*~*~ (stealth).
    20 | D:1      | 20 ||| Stepping ~*~*~tactically~*~*~ (stealth).
    24 | D:1      | Reached skill level 2 in Axes
   141 | D:1      | Reached XP level 2. HP: 19/19 MP: 2/2
   170 | D:1      | 170 ||| Stepping ~*~*~tactically~*~*~ (stealth).
   409 | D:1      | 409 ||| Stepping ~*~*~tactically~*~*~ (hiding).
   557 | D:1      | 557 ||| Stepping ~*~*~tactically~*~*~ (hiding).
   578 | D:1      | Reached skill level 3 in Axes
   581 | D:1      | Reached XP level 3. HP: 17/23 MP: 3/3
   605 | D:1      | Found a faded altar of an unknown god.
   678 | D:1      | 678 ||| DROPPING +0 club.
   826 | D:1      | 826 ||| READING scroll labelled USUPAE LIQYM.
   827 | D:1      | 827 ||| READING scroll labelled DIZUZIAWINK.
   881 | D:2      | Noticed Jessica
   886 | D:2      | Killed Jessica
   887 | D:2      | Reached XP level 4. HP: 19/28 MP: 4/4
   892 | D:2      | 892 ||| FLEEEEING.
   897 | D:2      | 897 ||| STAIRDANCE
   947 | D:2      | Reached skill level 4 in Axes
  1051 | D:2      | HP: 6/28 [gnoll/+0 halberd (8)]
  1051 | D:2      | HP: 1/28 [gnoll/+0 halberd (4)]
  1052 | D:2      | Slain by a ball python

Levels and vault maps discovered:
D:1:      dpeg_arrival_renting, layout_basic,
          hellmonk_ecumenical_altar_pennies_from_heaven, hangedman_decor_push,
          minmay_misc_feat_alley, minivault_19, hangedman_decor_slide_cut
D:2:      layout_basic, uniq_natasha, uniq_jessica

Skill      XL: |  1  2  3  4 |
---------------+-------------+-----
Axes           | 2 3 4 |  4.4
Fighting       | |  3.2
Armour         | |  3.2
Shields        | |  3.2

Action                     |  1- 3 |  4- 6 || total
---------------------------+-------+-------++-------
  Melee: War axe           |    62 |    28 ||    90
    Use: Scroll            |     2 |       ||     2
 Armour: Scale mail        |    26 |    18 ||    44
  Dodge: Dodged            |    24 |    15 ||    39
  Block: Buckler           |     8 |     7 ||    15

Table legend:
 A = Non-vault XP
 B = Vault XP
 C = Vault XP percentage of total XP
 D = Non-vault monster count
 E = Vault monster count
 F = Vault count percentage of total count
                 A         B        C        D         E       F
            +---------+---------+-------+---------+---------+-------
      Total |     112 |      37 |  24.8 |      32 |       1 |   3.0
            +---------+---------+-------+---------+---------+-------
        D:1 |      47 |       0 |   0.0 |      23 |       0 |   0.0
        D:2 |      65 |      37 |  36.3 |       9 |       1 |  10.0
            +---------+---------+-------+---------+---------+-------
